[Event "Balkan Youth Online-ch 2020"]
[Site "Online"]
[Date "2020.10.31"]
[Round "5.58"]
[White "Timagina, Sofia"]
[Black "Toumpakari, Maria"]
[Result "0-1"]
[ECO "B29"]
[WhiteElo "1127"]
[BlackElo "1376"]
[Annotator "NA"]
[PlyCount "102"]
[EventDate "2020.10.31"]
[EventType "swiss"]
[SourceTitle "playchess.com"]
[Source "ChessBase"]
[SourceQuality "1"]
[TimeControl "1500+5"]

1. e4 c5 2. Nf3 Nf6 3. e5 Nd5 4. Nc3 Nxc3 5. dxc3 g6 6. Bf4 Qb6 7. b3 Bg7 8. Bc4 O-O 9. O-O Nc6 10. Qd2 Na5 11. Bd3 d6 12. Rad1 Be6 13. Rfe1 d5 14. h3 Rfd8 15. Bh6 Bh8 16. Qg5 Qc7 17. Qh4 Bg7 18. Ng5 Bxe5 19. g3 Bf6 20. Kh1 Nc6 21. Kg1 Ne5 22. Kh1 Nf3 23. Nxe6 fxe6 24. Qf4 Qxf4 25. gxf4 Nxe1 26. Rxe1 Kf7 27. Kg2 a6 28. Kg3 b5 29. c4 bxc4 30. bxc4 a5 31. cxd5 exd5 32. h4 Rab8 33. f5 c4 34. Be2 Rb2 35. Bd1 Rxa2 36. Re6 Rd6 37. Re3 Ra1 38. Be2 a4 39. fxg6+ hxg6 40. Kg2 a3 41. Bf3 a2 42. Ra3 Bxh4 43. Bf4 Rd8 44. Be5 d4 45. Kh3 Bf6 46. Bxf6 Kxf6 47. Kg4 d3 48. cxd3 Rxd3 49. Be4 Rxa3 50. f3 Rg1+ 51. Kf4 e5# 0-1

[Event "Balkan Youth Online-ch 2020"]
[Site "Online"]
[Date "2020.10.31"]
[Round "5.63"]
[White "Christodoulou, Georgia"]
[Black "Tirpan, Ceren"]
[Result "0-1"]
[ECO "C88"]
[WhiteElo "1373"]
[BlackElo "1379"]
[Annotator "NA"]
[PlyCount "94"]
[EventDate "2020.10.31"]
[EventType "swiss"]
[SourceTitle "playchess.com"]
[Source "ChessBase"]
[SourceQuality "1"]
[TimeControl "1500+5"]

1. e4 e5 2. Nf3 Nc6 3. Bb5 a6 4. Ba4 Nf6 5. d3 b5 6. Bb3 Be7 7. O-O O-O 8. Nbd2 d6 9. a4 Bb7 10. Re1 h6 11. Nf1 Na5 12. c3 c5 13. Bc2 Qc7 14. Bd2 Rfc8 15. Ng3 Bf8 16. Nh4 g6 17. f4 Bg7 18. f5 Kh7 19. Nf1 Qe7 20. g3 Nc6 21. Ne3 Qd7 22. Ng4 d5 23. Nxf6+ Bxf6 24. Qg4 g5 25. Nf3 d4 26. Qh5 Kg7 27. h4 Rh8 28. axb5 axb5 29. Rxa8 Bxa8 30. Re2 c4 31. cxd4 Nxd4 32. Nxd4 cxd3 33. Rf2 dxc2 34. Nxc2 Bxe4 35. Ne3 Qe7 36. Ng4 gxh4 37. Bxh6+ Kg8 38. Nxf6+ Qxf6 39. Qg4+ Kh7 40. Bg5 Qc6 41. Qxh4+ Kg8 42. Bh6 Rxh6 43. Qd8+ Kh7 44. Kf1 Qc4+ 45. Ke1 Rh1+ 46. Kd2 Qc1+ 47. Ke2 Re1# 0-1

[Event "Balkan Youth Online-ch 2020"]
[Site "Online"]
[Date "2020.10.31"]
[Round "5.66"]
[White "Pandelescu, Maria-Catalina"]
[Black "Stankovic, Andrea"]
[Result "1-0"]
[ECO "C10"]
[WhiteElo "1242"]
[BlackElo "1534"]
[Annotator "NA"]
[PlyCount "115"]
[EventDate "2020.10.31"]
[EventType "swiss"]
[SourceTitle "playchess.com"]
[Source "ChessBase"]
[SourceQuality "1"]
[TimeControl "1500+5"]

1. e4 e6 2. d4 d5 3. exd5 exd5 4. Nf3 Nf6 5. Nc3 c5 6. Be3 cxd4 7. Nxd4 Be7 8. Be2 b6 9. O-O O-O 10. Qd2 Bb7 11. Rad1 Qc7 12. Ncb5 Qc8 13. Bf4 Na6 14. Bd3 Qd7 15. Bf5 Qd8 16. Rfe1 Re8 17. a3 Ne4 18. Qd3 Nac5 19. Qh3 g6 20. Nc7 gxf5 21. Nxe8 Qxe8 22. Nxf5 Ne6 23. Qg4+ Kh8 24. Bh6 Bf8 25. Bxf8 Qxf8 26. f3 Nf6 27. Qg3 Qg8 28. Qe5 Qg6 29. Ne7 Qg7 30. Re3 Ne8 31. Qxg7+ N8xg7 32. Nxd5 Nf5 33. Re5 Nfd4 34. c3 Nc6 35. Rf5 Kg7 36. Ne3 Rd8 37. Rxd8 Ncxd8 38. Nc4 Kg6 39. g4 Ng5 40. Ne5+ Kh6 41. h4 Nge6 42. Nxf7+ Nxf7 43. Rxf7 Bd5 44. f4 a6 45. g5+ Kg6 46. Rf6+ Kg7 47. f5 Nd8 48. Rd6 Be4 49. f6+ Kf7 50. Rxd8 h6 51. Rd7+ Kg6 52. f7 Kg7 53. gxh6+ Kf8 54. Kf2 Bg6 55. Rd6 Kxf7 56. Rxb6 Bd3 57. Ke3 Bf5 58. Rxa6 1-0

[Event "Balkan Youth Online-ch 2020"]
[Site "Online"]
[Date "2020.10.31"]
[Round "5.67"]
[White "Rasheva, Nora"]
[Black "Criveanu, Maria"]
[Result "1-0"]
[ECO "A01"]
[WhiteElo "1588"]
[BlackElo "1054"]
[Annotator "NA"]
[PlyCount "129"]
[EventDate "2020.10.31"]
[EventType "swiss"]
[SourceTitle "playchess.com"]
[Source "ChessBase"]
[SourceQuality "1"]
[TimeControl "1500+5"]

1. b3 e5 2. Bb2 Nc6 3. e3 Nf6 4. Nf3 d6 5. d4 e4 6. Nfd2 d5 7. c4 Ne7 8. cxd5 Nexd5 9. Nc3 c6 10. Ncxe4 Nxe4 11. Nxe4 Bf5 12. Nd2 Bb4 13. a3 Bxd2+ 14. Qxd2 Qe7 15. Be2 O-O 16. O-O Rad8 17. Bd3 Be4 18. Rfe1 Nf6 19. f3 Bxd3 20. Qxd3 Nd5 21. e4 Nf4 22. Qd2 Qg5 23. Bc1 Nh3+ 24. Kh1 Qxd2 25. Bxd2 Nf2+ 26. Kg1 Nd3 27. Red1 Rxd4 28. Be3 Rd6 29. Bc5 Nxc5 30. Rxd6 Nxb3 31. Rad1 Nc5 32. Rd8 f6 33. Kf2 Kf7 34. Ke3 Rxd8 35. Rxd8 Ke7 36. Ra8 a6 37. f4 h6 38. f5 Nd7 39. Ra7 Nc5 40. Kd4 Kd6 41. Ra8 Nd7 42. Rg8 c5+ 43. Ke3 c4 44. Kd4 b5 45. Ra8 Kc6 46. Rxa6+ Nb6 47. Ra7 Nd7 48. h3 h5 49. Ra8 Nb6 50. Rg8 Na4 51. Rxg7 c3 52. Kd3 Kc5 53. g4 b4 54. axb4+ Kxb4 55. Rb7+ Ka3 56. Ra7 Kb3 57. Rxa4 Kxa4 58. Kxc3 hxg4 59. hxg4 Kb5 60. Kd4 Kc6 61. e5 fxe5+ 62. Kxe5 Kd7 63. Kf6 Ke8 64. Kg7 Ke7 65. f6+ 1-0

[Event "Balkan Youth Online-ch 2020"]
[Site "Online"]
[Date "2020.10.31"]
[Round "5.68"]
[White "Gkoutzouki, Aikaterini Argyro"]
[Black "Arshinkova, Boryana"]
[Result "1-0"]
[ECO "A81"]
[WhiteElo "1380"]
[BlackElo "1329"]
[Annotator "NA"]
[PlyCount "117"]
[EventDate "2020.10.31"]
[EventType "swiss"]
[SourceTitle "playchess.com"]
[Source "ChessBase"]
[SourceQuality "1"]
[TimeControl "1500+5"]

1. d4 f5 2. Nf3 Nf6 3. g3 g6 4. Bg2 Bg7 5. O-O O-O 6. e3 d6 7. b3 Qe8 8. Bb2 Nbd7 9. Nbd2 e5 10. dxe5 dxe5 11. Nc4 Nh5 12. Nfxe5 Nxe5 13. Nxe5 Kh8 14. Nd3 Bxb2 15. Nxb2 Nf6 16. Nc4 Rb8 17. Qd4 b6 18. Rad1 c5 19. Qf4 Bb7 20. Nd6 Qe7 21. Nxb7 Ne4 22. Bxe4 fxe4 23. Qd6 Rxb7 24. Qxe7 Rxe7 25. Rd5 Rf5 26. Rd6 Kg7 27. Rfd1 Rff7 28. Kg2 Kh6 29. h4 Kh5 30. R1d2 Kh6 31. Rd8 Kg7 32. Rd1 Rf6 33. R1d2 Rf8 34. Rxf8 Kxf8 35. f3 exf3+ 36. Kxf3 Kf7 37. e4 h5 38. Kf4 Ke6 39. Ke3 Kf6 40. Rd6+ Kf7 41. Kf4 Kg7 42. Rd1 Kf6 43. Rd8 Re6 44. e5+ Ke7 45. Rb8 a5 46. Rb7+ Kf8 47. Ke4 g5 48. hxg5 Rc6 49. Kf5 Kg8 50. e6 Kf8 51. Kf6 Kg8 52. g6 Rc8 53. Rd7 Rf8+ 54. Rf7 Re8 55. e7 Rc8 56. Rf8+ Rxf8+ 57. exf8=Q+ Kxf8 58. c4 Kg8 59. g7 1-0

[Event "Balkan Youth Online-ch 2020"]
[Site "Online"]
[Date "2020.10.31"]
[Round "5.69"]
[White "Omeri, Eklea"]
[Black "Davitkova, Jovana"]
[Result "1/2-1/2"]
[ECO "D02"]
[WhiteElo "1070"]
[BlackElo "1227"]
[Annotator "NA"]
[PlyCount "91"]
[EventDate "2020.10.31"]
[EventType "swiss"]
[SourceTitle "playchess.com"]
[Source "ChessBase"]
[SourceQuality "1"]
[TimeControl "1500+5"]

1. d4 d5 2. Nf3 e6 3. a3 Nf6 4. Bg5 Be7 5. Nc3 O-O 6. e3 b6 7. Bd3 h6 8. Bxf6 Bxf6 9. O-O Bb7 10. Ne2 Nd7 11. Ng3 c5 12. c3 cxd4 13. cxd4 Rc8 14. Rc1 Rxc1 15. Qxc1 Qc8 16. b4 Qxc1 17. Rxc1 Rc8 18. Rxc8+ Bxc8 19. Bb5 Kf8 20. Kf1 a6 21. Bd3 b5 22. Bc2 Nb6 23. Nd2 Nc4 24. Nxc4 bxc4 25. f4 Be7 26. Ne2 a5 27. bxa5 Bxa3 28. g4 Bb4 29. h4 Bxa5 30. g5 Ke7 31. Ng3 f6 32. g6 Kd6 33. Ba4 e5 34. f5 exd4 35. exd4 Bd7 36. Bc2 Ke7 37. Nh5 Kf8 38. Nf4 Bc6 39. Ne6+ Kg8 40. Ke2 Bc3 41. h5 Bb4 42. Ke3 Bb5 43. Nc7 Bc6 44. Ne6 Bb5 45. Nc7 Bc6 46. Ne6 1/2-1/2

[Event "Balkan Youth Online-ch 2020"]
[Site "Online"]
[Date "2020.10.31"]
[Round "5.72"]
[White "Mihelic, Vesna"]
[Black "Kipik, Feyza"]
[Result "1-0"]
[ECO "B54"]
[WhiteElo "1872"]
[BlackElo "1592"]
[Annotator "NA"]
[PlyCount "95"]
[EventDate "2020.10.31"]
[EventType "swiss"]
[SourceTitle "playchess.com"]
[Source "ChessBase"]
[SourceQuality "1"]
[TimeControl "1500+5"]

1. e4 c5 2. Nf3 g6 3. d4 cxd4 4. Nxd4 d6 5. Bb5+ Nd7 6. O-O {[%emt 0:00:07] B54: Sicilian: 2...d6 3 d4 cxd4 4 Nxd4, Unusual Lines .} Ngf6 7. Re1 Bg7 8. c4 O-O 9. Bxd7 Nxd7 10. Nc3 Ne5 11. b3 {[%emt 0:00:40] [#]} Bd7 $146 ({Predecessor:} 11... Nc6 12. Be3 Bd7 13. Qd2 Qa5 14. Rad1 Rfc8 15. Nxc6 Bxc6 16. Bd4 Bxd4 17. Qxd4 {½-½ (17) Pielnik,R-Kleinegger,F (2285) Dortmund 1993}) 12. Bb2 a6 13. h3 Rb8 14. f4 $2 (14. Qd2 $1 $14 {was the only good move.}) 14... Nxc4 15. bxc4 Qb6 16. Nd5 Qxb2 17. Nxe7+ Kh8 18. Nb3 Qf6 19. Nd5 Qh4 20. Rc1 Qg3 21. Re3 Qh4 22. e5 dxe5 23. fxe5 Bh6 24. Qf3 {[%emt 0:02:00] [#]} Bxe3+ ({Black should try} 24... Bf5 $1 $17 25. Rce1 Bxe3+ 26. Qxe3 Rbc8) 25. Qxe3 Bf5 26. Rf1 (26. Nd4 $15) 26... Qxc4 27. Nf6 Qh4 28. Rf4 Qh6 29. Qg3 $1 Qg7 30. Rh4 h6 31. Nd4 Bc8 32. Qe3 $2 (32. Qg5 {mates} h5 {[#]} 33. Rxh5+ $1 gxh5 34. Qxh5+ Qh7 35. Qxh7#) 32... g5 33. Rh5 Qg6 34. Nf3 Kg7 35. Nxg5 Bf5 36. Nf3 Be6 37. Nh4 Qb1+ 38. Kh2 Rh8 39. Qg3+ Kf8 40. Qf4 Ke7 41. Rxh6 Rxh6 42. Qxh6 Qc2 43. Qf4 Qc4 44. Nf5+ $18 Kd8 45. Qd2+ Kc8 46. Nd6+ Kc7 47. Nxc4 Bxc4 48. Qd6+ 1-0

[Event "Balkan Youth Online-ch 2020"]
[Site "Online"]
[Date "2020.10.31"]
[Round "5.73"]
[White "Shuqja, Klean"]
[Black "Tsakona, Maria"]
[Result "1-0"]
[ECO "A02"]
[WhiteElo "1838"]
[BlackElo "1596"]
[Annotator "NA"]
[PlyCount "97"]
[EventDate "2020.10.31"]
[EventType "swiss"]
[SourceTitle "playchess.com"]
[Source "ChessBase"]
[SourceQuality "1"]
[TimeControl "1500+5"]

1. b3 c5 2. Bb2 Nf6 3. e3 e6 4. f4 Nc6 5. Nf3 Be7 6. Be2 {[%emt 0:00:36] A02: Bird's Opening.} b6 7. O-O O-O 8. d3 Nd5 9. Qd2 Bf6 {[%emt 0:00:27] [#]} 10. Nc3 $146 ({Predecessor:} 10. c3 Qc7 11. g3 g6 12. e4 Nde7 13. d4 cxd4 14. cxd4 d5 15. e5 Bg7 16. Nc3 {1-0 (49) Afek,Y (2267)-Sparenberg,E (2110) Groningen 2015}) 10... Bb7 11. e4 Nxc3 12. Bxc3 d6 13. Rae1 b5 14. a3 a5 15. Kh1 a4 16. Rb1 (16. Bxf6 $15 Qxf6 17. Rb1) 16... Bxc3 17. Qxc3 b4 18. axb4 cxb4 19. Qd2 a3 20. Ra1 Qb6 21. d4 Rac8 22. Rfc1 Na7 23. Bd3 Rc3 24. Ng1 f5 25. exf5 exf5 26. Bc4+ Kh8 27. Ne2 Rh3 28. Kg1 Rh4 29. c3 Qc6 30. Ng3 Rxf4 31. d5 Qb6+ 32. Kh1 Rf2 33. Qd3 bxc3 34. Rxa3 f4 35. Ne4 Rb2 36. Ng5 g6 37. Qxc3+ Kg8 38. Qxb2 h6 39. Ne6 Rf7 40. Qd4 Qb4 41. Raa1 f3 $18 42. gxf3 Nb5 43. Bxb5 Qxb5 44. Rc3 Qe8 45. Rac1 Qd7 46. Rc7 Qe8 47. Kg2 g5 48. Rxf7 Qxf7 49. Rc7 1-0

[Event "Balkan Youth Online-ch 2020"]
[Site "Online"]
[Date "2020.10.31"]
[Round "5.74"]
[White "Ciftci, Zeynep"]
[Black "Jovanovic, Anja"]
[Result "1-0"]
[ECO "E01"]
[WhiteElo "1603"]
[BlackElo "1778"]
[Annotator "NA"]
[PlyCount "69"]
[EventDate "2020.10.31"]
[EventType "swiss"]
[SourceTitle "playchess.com"]
[Source "ChessBase"]
[SourceQuality "1"]
[TimeControl "1500+5"]

1. Nf3 Nf6 2. c4 e6 3. g3 d5 4. Bg2 c6 5. d4 Nbd7 6. O-O Bd6 7. b3 O-O 8. Bb2 Re8 9. Nbd2 Bc7 10. Qc2 h6 11. h3 Nf8 12. e4 dxe4 13. Nxe4 N8h7 14. Nxf6+ Nxf6 15. Rad1 Bb6 16. a3 a6 17. Rfe1 Bd7 18. Ne5 Rc8 19. b4 Ba7 20. Qb3 Re7 21. d5 cxd5 22. cxd5 exd5 23. Bxd5 Qf8 24. Ng6 Rxe1+ 25. Rxe1 Qd6 26. Ne7+ Kh8 27. Nxc8 Bxc8 28. Bxf6 Qxf6 29. Re8+ Kh7 30. Qf3 Qg6 31. Rxc8 f5 32. Bxb7 Qf7 33. Bd5 Qg6 34. Rf8 Bd4 35. Bg8+ 1-0

[Event "Balkan Youth Online-ch 2020"]
[Site "Online"]
[Date "2020.10.31"]
[Round "5.76"]
[White "Zrmanovska, Mihaela"]
[Black "Puia, Alexia-Teodora"]
[Result "0-1"]
[ECO "B49"]
[WhiteElo "1300"]
[BlackElo "1697"]
[Annotator "NA"]
[PlyCount "50"]
[EventDate "2020.10.31"]
[EventType "swiss"]
[SourceTitle "playchess.com"]
[Source "ChessBase"]
[SourceQuality "1"]
[TimeControl "1500+5"]

1. e4 c5 2. Nf3 e6 3. d4 cxd4 4. Nxd4 Nc6 5. Nc3 a6 6. Be2 Qc7 7. O-O Nf6 8. Be3 Bb4 9. Bd3 h5 10. f4 Ng4 11. Qf3 Nxe3 12. Qxe3 Nxd4 13. Qxd4 Bc5 14. Qxc5 Qxc5+ 15. Kh1 b5 16. f5 Bb7 17. Rad1 O-O-O 18. Ne2 g6 19. c4 b4 20. fxe6 dxe6 21. Rxf7 Bxe4 22. Nc1 Qg5 23. Rf2 Bxd3 24. Nxd3 Rxd3 25. Re1 Rhd8 0-1

[Event "Balkan Youth Online-ch 2020"]
[Site "Online"]
[Date "2020.10.31"]
[Round "5.77"]
[White "Tsekoura, Vaia"]
[Black "Mitkova, Victoria-Elizabeth"]
[Result "0-1"]
[ECO "B84"]
[WhiteElo "1488"]
[BlackElo "1105"]
[Annotator "NA"]
[PlyCount "68"]
[EventDate "2020.10.31"]
[EventType "swiss"]
[SourceTitle "playchess.com"]
[Source "ChessBase"]
[SourceQuality "1"]
[TimeControl "1500+5"]

1. e4 c5 2. Nf3 e6 3. d4 cxd4 4. Nxd4 Nf6 5. Nc3 d6 6. Be2 a6 7. Be3 b5 8. a3 Bb7 9. Bf3 Nbd7 10. g3 Ne5 11. Bg2 Be7 12. h3 Nc4 13. Bc1 O-O 14. O-O Qc7 15. Kh1 Rac8 16. b3 Nxa3 17. Bxa3 Qxc3 18. e5 Ne4 19. Qd3 Qxa1 20. Rxa1 Nxf2+ 21. Kh2 Nxd3 22. Bxb7 b4 23. Bxc8 Rxc8 24. Bc1 Nxc1 25. Rxc1 dxe5 26. Nf3 e4 27. Ne5 Bg5 28. Ra1 Bf6 29. Ra5 Rxc2+ 30. Kg1 Bxe5 31. Rxe5 Rc3 32. Kf2 Rf3+ 33. Kg2 Rxb3 34. Rxe4 g6 0-1

[Event "Balkan Youth Online-ch 2020"]
[Site "Online"]
[Date "2020.10.31"]
[Round "5.78"]
[White "Mosurovic, Milena"]
[Black "Chicarosie, Ioana-Bianca"]
[Result "1-0"]
[ECO "C01"]
[WhiteElo "1428"]
[BlackElo "1521"]
[Annotator "NA"]
[PlyCount "87"]
[EventDate "2020.10.31"]
[EventType "swiss"]
[SourceTitle "playchess.com"]
[Source "ChessBase"]
[SourceQuality "1"]
[TimeControl "1500+5"]

1. e4 e6 2. Nc3 d5 3. exd5 exd5 4. d4 Be6 5. g3 Bd6 6. Bg2 Ne7 7. Nf3 f6 8. O-O Nbc6 9. Re1 Qd7 10. a3 O-O-O 11. Nb5 g5 12. b4 h5 13. Nxd6+ Qxd6 14. b5 Na5 15. Qe2 Kd7 16. a4 Nf5 17. Ba3 c5 18. Bxc5 Nxd4 19. Nxd4 Qxc5 20. Qxe6+ Kc7 21. Qxf6 Qd6 22. Re7+ Kb8 23. Qxg5 Rdg8 24. Qe3 Nc4 25. Qe6 Rd8 26. Qxd6+ Rxd6 27. Rae1 Rhd8 28. Rh7 Nb6 29. Ree7 R6d7 30. Rxd7 Nxd7 31. Ne6 Re8 32. Rxd7 Rxe6 33. Bxd5 Re1+ 34. Kg2 Re2 35. Rxb7+ Kc8 36. Rxa7 Rxc2 37. b6 Rb2 38. b7+ Kc7 39. Bf3 Rb6 40. a5 Rb4 41. a6 Rb6 42. b8=Q+ Kxb8 43. Rb7+ Rxb7 44. axb7 1-0

[Event "Balkan Youth Online-ch 2020"]
[Site "Online"]
[Date "2020.10.31"]
[Round "5.79"]
[White "Paroglou, Marianna"]
[Black "Lusheska, Elena"]
[Result "1-0"]
[ECO "B13"]
[WhiteElo "1436"]
[BlackElo "1086"]
[Annotator "NA"]
[PlyCount "141"]
[EventDate "2020.10.31"]
[EventType "swiss"]
[SourceTitle "playchess.com"]
[Source "ChessBase"]
[SourceQuality "1"]
[TimeControl "1500+5"]

1. e4 c6 2. d4 d5 3. exd5 cxd5 4. Bd3 Nf6 5. Bf4 Nc6 6. c3 e6 7. Nf3 Bd6 8. Bxd6 Qxd6 9. O-O O-O 10. Re1 Re8 11. Ne5 Qc7 12. f4 Nd7 13. Bxh7+ Kf8 14. Bd3 Nf6 15. Nd2 b6 16. Qf3 Bb7 17. Re2 Ke7 18. g4 Kd8 19. g5 Ng8 20. Rae1 Qe7 21. Bb5 Kc7 22. Qg3 a6 23. Nxc6 Bxc6 24. f5+ Qd6 25. Qxd6+ Kxd6 26. Bxc6 Kxc6 27. fxe6 fxe6 28. Rxe6+ Rxe6 29. Rxe6+ Kc7 30. Kf2 Rf8+ 31. Kg3 Rf7 32. Nf3 Re7 33. Rxe7+ Nxe7 34. Kf4 Kd6 35. Ne5 Ke6 36. h4 g6 37. Nf3 Ng8 38. Kg4 Ne7 39. b4 Kf7 40. a4 Ke6 41. Nd2 Nf5 42. h5 gxh5+ 43. Kxh5 Ne7 44. Kh6 Kf7 45. Kh7 Ng6 46. Nf3 Nf8+ 47. Kh6 Ne6 48. Ne5+ Kg8 49. Kg6 Nf8+ 50. Kf5 Kg7 51. g6 Kg8 52. Kf6 b5 53. a5 Kh8 54. g7+ Kg8 55. gxf8=Q+ Kxf8 56. Ke6 Ke8 57. Kxd5 Kd8 58. Kc6 Kc8 59. Kb6 Kb8 60. Kxa6 Ka8 61. Kxb5 Ka7 62. d5 Kb7 63. d6 Kc8 64. a6 Kb8 65. d7 Kc7 66. a7 Kb7 67. a8=Q+ Kxa8 68. d8=Q+ Kb7 69. Qd7+ Ka8 70. Kb6 Kb8 71. Qb7# 1-0

[Event "Balkan Youth Online-ch 2020"]
[Site "Online"]
[Date "2020.10.31"]
[Round "5.83"]
[White "Elma, Muge"]
[Black "Dimitrijevic, Andjela"]
[Result "1-0"]
[ECO "A55"]
[WhiteElo "1689"]
[BlackElo "1810"]
[Annotator "NA"]
[PlyCount "125"]
[EventDate "2020.10.31"]
[EventType "swiss"]
[SourceTitle "playchess.com"]
[Source "ChessBase"]
[SourceQuality "1"]
[TimeControl "1500+5"]

1. d4 Nf6 2. c4 d6 3. Nf3 Nbd7 4. Nc3 c6 5. g3 e5 6. e4 Be7 7. Bg2 O-O 8. O-O a6 9. a4 $14 a5 10. h3 Re8 11. Re1 exd4 12. Nxd4 Nc5 13. Bf4 Bf8 14. Qc2 g6 15. Rad1 Nh5 16. Be3 Qb6 17. g4 Nf6 18. f4 Nfd7 19. Kh1 Nb8 20. f5 Qd8 21. Qf2 Bg7 22. Rf1 f6 23. Nxc6 Qc7 24. Bxc5 dxc5 25. Nxb8 Rxb8 26. Nd5 Qe5 27. fxg6 hxg6 28. Nxf6+ Bxf6 29. Qxf6 Qxf6 30. Rxf6 Kg7 31. Rdd6 Rf8 32. Rxg6+ Kh7 33. Rh6+ Kg7 34. Rdg6+ Kf7 35. Rf6+ Ke7 36. Rxf8 Kxf8 37. Rh8+ Kg7 38. Rd8 Kf7 39. e5 Ke7 40. Rh8 Kd7 41. Bd5 Kc7 42. e6 Kd6 43. Rh6 b6 44. g5 Ba6 45. g6 Ke7 46. g7 Rg8 47. Rg6 Bc8 48. h4 Ke8 49. e7 Kxe7 50. Bxg8 Ke8 51. h5 Bf5 52. Rg5 Bd7 53. Bf7+ Kxf7 54. g8=Q+ Ke7 55. Qd5 Be8 56. Rg7+ Kf6 57. Qg5+ Ke6 58. Qe7+ Kf5 59. Qxe8 Kf6 60. Rf7+ Kg5 61. Qg8+ Kh4 62. Rf4+ Kh3 63. Qg4# 1-0

[Event "Balkan Youth Online-ch 2020"]
[Site "Online"]
[Date "2020.10.31"]
[Round "5.84"]
[White "Popovic, Mateja"]
[Black "Kouta, Antonia"]
[Result "1/2-1/2"]
[ECO "A48"]
[WhiteElo "1592"]
[BlackElo "1714"]
[Annotator "NA"]
[PlyCount "54"]
[EventDate "2020.10.31"]
[EventType "swiss"]
[SourceTitle "playchess.com"]
[Source "ChessBase"]
[SourceQuality "1"]
[TimeControl "1500+5"]

1. d4 Nf6 2. Nf3 g6 3. Bg5 Bg7 4. Nbd2 d6 5. c3 O-O 6. e4 h6 7. Bxf6 Bxf6 8. Bd3 Bg4 9. h3 Be6 10. Qe2 a5 11. Qe3 Bg7 12. d5 Bc8 13. h4 h5 14. Nh2 Nd7 15. g4 Nf6 16. gxh5 Nxh5 17. Be2 f5 18. Bxh5 gxh5 19. Qg5 Qe8 20. Rg1 Qf7 21. Qh6 Re8 22. O-O-O Kf8 23. Qh7 Bf6 24. Qh6+ Bg7 25. Qg5 Bf6 26. Qf4 Be5 27. Qh6+ Bg7 1/2-1/2

[Event "Balkan Youth Online-ch 2020"]
[Site "Online"]
[Date "2020.10.31"]
[Round "5.86"]
[White "Anghel, Maria"]
[Black "Sural, Ceren"]
[Result "0-1"]
[ECO "D35"]
[WhiteElo "1826"]
[BlackElo "1686"]
[Annotator "NA"]
[PlyCount "70"]
[EventDate "2020.10.31"]
[EventType "swiss"]
[SourceTitle "playchess.com"]
[Source "ChessBase"]
[SourceQuality "1"]
[TimeControl "1500+5"]

1. d4 d5 2. c4 e6 3. Nc3 c6 4. cxd5 exd5 5. Nf3 Bf5 6. Bf4 Nf6 7. e3 Qb6 8. Qc1 Nbd7 9. Be2 Be7 10. O-O O-O 11. h3 {[%emt 0:00:30] D35: Queen's Gambit Declined: Exchange Variation.} Rac8 {[%emt 0:00:33] [#]} 12. Qd2 $146 ({Predecessor:} 12. Rd1 Rfd8 13. Ne5 {½-½ (13) Vakhidov,T (2470)-Tregubov,P (2560) Krasnodar 1998}) 12... Bb4 13. Bd3 Bg6 14. Bxg6 hxg6 15. Rfc1 Qd8 16. a3 Be7 17. b4 Nb6 18. Ne5 Nfd7 19. Nd3 Nc4 20. Qe2 Bd6 21. Bxd6 Nxd6 22. Na4 Re8 23. Nac5 Nxc5 24. bxc5 Nf5 25. Qg4 Re4 26. Qf3 Qg5 27. Re1 Rce8 28. Ne5 f6 29. Nd3 Nh4 30. Qg3 Qxg3 31. fxg3 Nf5 32. Rab1 R8e7 33. Kf2 Nxe3 34. Nf4 Kf7 $19 35. Rb2 Ng4+ 0-1

[Event "Balkan Youth Online-ch 2020"]
[Site "Online"]
[Date "2020.10.31"]
[Round "5.87"]
[White "Ivanovic, Tara"]
[Black "Tsampouli, Vasiliki"]
[Result "0-1"]
[ECO "D00"]
[WhiteElo "1283"]
[BlackElo "1549"]
[Annotator "NA"]
[PlyCount "70"]
[EventDate "2020.10.31"]
[EventType "swiss"]
[SourceTitle "playchess.com"]
[Source "ChessBase"]
[SourceQuality "1"]
[TimeControl "1500+5"]

1. e3 Nf6 2. Nf3 e6 3. d4 d5 4. Nc3 c5 5. dxc5 Bxc5 6. Bb5+ Bd7 7. Bxd7+ Nbxd7 8. O-O O-O 9. b3 Rc8 10. Bb2 Qe7 11. Ne2 Rfd8 12. Ned4 Nf8 13. Qd3 Ng6 14. Qb5 a6 15. Qd3 e5 16. Nf5 Qe6 17. Ng3 e4 18. Nd4 exd3 19. Nxe6 fxe6 20. cxd3 Rc7 21. Rac1 Rdc8 22. Rc2 Bd6 23. Rxc7 Rxc7 24. Rd1 Rc2 25. Bxf6 gxf6 26. Ra1 Kf7 27. Kf1 Ne5 28. d4 Nd3 29. Ne2 e5 30. dxe5 fxe5 31. Rd1 e4 32. f3 Bxh2 33. g3 exf3 34. Rxd3 fxe2+ 35. Ke1 Bxg3# 0-1

[Event "Balkan Youth Online-ch 2020"]
[Site "Online"]
[Date "2020.10.31"]
[Round "5.89"]
[White "Obada, Ema"]
[Black "Ergazaki, Eirini"]
[Result "1-0"]
[ECO "B01"]
[WhiteElo "1940"]
[BlackElo "1577"]
[Annotator "ChessBase"]
[PlyCount "39"]
[EventDate "2020.10.31"]
[EventType "swiss"]
[SourceTitle "playchess.com"]
[Source "ChessBase"]
[SourceQuality "1"]
[TimeControl "1500+5"]

1. e4 d5 2. exd5 Qxd5 3. Nc3 Qe5+ 4. Nge2 Nf6 5. d4 Qa5 6. Bd2 Bf5 7. Ng3 Bg6 8. Bc4 Qb6 9. d5 Nbd7 10. O-O c6 11. dxc6 Qxc6 12. Bb5 Qc7 13. Qf3 a6 14. Ba4 e5 15. Bg5 Be7 16. Bxf6 Bxf6 17. Nd5 Qc8 18. Nb6 Qd8 19. Bxd7+ Ke7 20. Qa3# 1-0

[Event "Balkan Youth Online-ch 2020"]
[Site "Online"]
[Date "2020.10.31"]
[Round "5.91"]
[White "Lupascu, Diana-Elena"]
[Black "Bucur, Denisa-Andreea"]
[Result "0-1"]
[ECO "A46"]
[WhiteElo "1668"]
[BlackElo "2063"]
[Annotator "ChessBase"]
[PlyCount "102"]
[EventDate "2020.10.31"]
[EventType "swiss"]
[SourceTitle "playchess.com"]
[Source "ChessBase"]
[SourceQuality "1"]
[TimeControl "1500+5"]

1. d4 Nf6 2. Nf3 e6 3. g3 b5 4. Bg2 Bb7 5. O-O c5 6. a4 b4 7. c4 bxc3 8. Nxc3 Be7 9. dxc5 Bxc5 10. Qb3 Bc6 11. Bf4 O-O 12. Rac1 d6 13. Rfd1 Qe7 14. Nb5 Bd5 15. Qc2 a6 16. Nc3 Bb7 17. Qb1 Nc6 18. a5 Rab8 19. Na4 Bb4 20. Qd3 e5 21. Bg5 e4 22. Bxf6 gxf6 23. Qc4 exf3 24. Bxf3 Ne5 25. Qxb4 Bxf3 26. Qxd6 Qxd6 27. Rxd6 Bxe2 28. Nc5 Rfc8 29. Rxf6 Nd7 30. Rf5 Nxc5 31. Rfxc5 Rxc5 32. Rxc5 Rxb2 33. Rc8+ Kg7 34. Kg2 Bb5 35. Kf3 Ra2 36. Ke3 Rxa5 37. h4 Ra3+ 38. Kf4 Be2 39. Kg5 h6+ 40. Kf4 a5 41. g4 Rf3+ 42. Ke4 Rxf2 43. Ke3 Rg2 44. Rc2 Bf1 45. Rc5 a4 46. g5 hxg5 47. hxg5 a3 48. Kf3 a2 49. Rc1 Rb2 50. Ra1 Bc4 51. Ke3 Rb1 0-1

[Event "Balkan Youth Online-ch 2020"]
[Site "Online"]
[Date "2020.10.31"]
[Round "5.92"]
[White "Kalyva, Kyriaki"]
[Black "Bojovic, Neda"]
[Result "1-0"]
[ECO "D36"]
[WhiteElo "1823"]
[BlackElo "1316"]
[Annotator "NA"]
[PlyCount "93"]
[EventDate "2020.10.31"]
[EventType "swiss"]
[SourceTitle "playchess.com"]
[Source "ChessBase"]
[SourceQuality "1"]
[TimeControl "1500+5"]

1. d4 d5 2. c4 e6 3. Nc3 Nf6 4. cxd5 exd5 5. Bg5 Be7 6. e3 c6 7. Bd3 Nbd7 8. Nf3 O-O 9. O-O Re8 10. Qc2 Nf8 11. Rab1 a5 12. a3 Ne4 13. Bxe7 Qxe7 14. Nd2 {[%emt 0:00:37] D36: Queen's Gambit Declined: Exchange Variation: Main line (5 Bg5 c6 6 Qc2).} Bf5 15. b4 {[%emt 0:02:43] [#]} axb4 $146 ({Predecessor:} 15... Ng6 16. Ne2 Nh4 17. Ng3 Qg5 18. f4 Qg6 19. Bxe4 dxe4 20. Nc4 axb4 21. axb4 Qe6 22. Rfc1 {0-1 (42) Macek,V (2242)-Repkova,E (2403) Sibenik 2008}) 16. axb4 Ng6 17. b5 Nh4 18. Bxe4 dxe4 19. Ne2 Rac8 $16 20. bxc6 Rxc6 21. Qb2 Rb8 22. Ng3 b5 23. Rbc1 Rcb6 24. Rc5 Qd7 25. Ndxe4 Bxe4 26. Nxe4 Qb7 27. f3 Rg6 28. Ng3 Rc6 29. Rfc1 Rbc8 30. Qb4 Qa6 31. d5 Rxc5 32. Rxc5 Rxc5 33. Qxc5 h6 34. d6 Qa2 35. Qc8+ Kh7 36. Qh3 Qd2 37. Nf1 Qxd6 38. Qxh4 b4 39. Qe4+ g6 40. Qc2 Qb6 41. Kf2 b3 42. Qb2 Qb4 43. Nd2 Qh4+ 44. Ke2 Qxh2 45. Qxb3 Qxg2+ 46. Kd3 Qg5 47. Qxf7+ 1-0